 Dungeon Crawl Stone Soup version 0.24.1-5-g77f818bfca (webtiles) character file.

Game seed: 10800296035401717147, levelgen mode: deterministic

9 Descartes the Vexing (level 2, 0/12 HPs)
             Began as a Felid Enchanter on Apr 25, 2020.
             Slain by a hobgoblin
             ... wielding a +0 club
              (6 damage)
             ... on level 1 of the Dungeon.
             The game lasted 00:00:55 (367 turns).

Descartes the Vexing (Felid Enchanter)               Turns: 367, Time: 00:00:55

Health: 0/12       AC:  1    Str:  4    XL:     2   Next: 6%
Magic:  6/6        EV: 18    Int: 16    God:
Gold:   33         SH:  0    Dex: 16    Spells: 4/5 levels left
                                        Lives:  0   Deaths: 0

rFire    . . .     SeeInvis +     - Unarmed
rCold    . . .     Gourm    .   (shield unavailable)
rNeg     . . .     Faith    .   (armour unavailable)
rPois    .         Spirit   .   (helmet unavailable)
rElec    .         Reflect  .   (cloak unavailable)
rCorr    .         Harm     .   (gloves unavailable)
MR       .....                  (boots unavailable)
Stlth    +++.......             (no amulet)
HPRegen  0.04/turn              (no ring)
MPRegen  0.10/turn              (no ring)

@: quick
A: very small, no armour, no weapons or thrown items, stealth, claws 1, fangs 3,
see invisible, carnivore, speed 1, shaggy fur 1, slow metabolism 1, sharp paws
a: no special abilities


You were on level 1 of the Dungeon.
You were very full.

You visited 1 branch of the dungeon, and saw 1 of its levels.

You collected 33 gold pieces.

Inventory:

Potions
 a - a potion of brilliance {unknown}
 c - a potion of experience {unknown}
Comestibles
 b - a ration


   Skills:
 + Level 0.5 Fighting
 + Level 2.9 Dodging
 + Level 4.2 Stealth
 * Level 1.5 Unarmed Combat
 - Level 2.0 Spellcasting
 - Level 4.4 Hexes


You had 4 spell levels left.
You knew the following spells:

 Your Spells              Type           Power        Failure   Level  Hunger
a - Corona                Hex            ###....      3%          1    #......

Your spell library contained the following spells:

 Spells                   Type           Power        Failure   Level  Hunger
 Confuse                  Hex            ###.....     11%         3    ###....
 Tukima's Dance           Hex            ###.....     11%         3    ###....
 Ensorcelled Hibernation  Hex/Ice        #.....       13%         2    ###....
 Dazzling Spray           Conj/Hex       #.....       26%         3    ###....


Dungeon Overview and Level Annotations

Branches:
Dungeon (1/15)

Altars:


Innate Abilities, Weirdness & Mutations

You cannot wear armour.
You are incapable of wielding weapons or throwing items.
Your paws allow you to move quietly. (Stealth)
You have sharp claws.
You have razor-sharp teeth.
You have supernaturally acute eyesight. (SInv)
You are carnivorous and can eat meat at any time.
You cover ground quickly.
You are covered in fur. (AC +1)
You have a slow metabolism.
Your sharp claws are effective at attacking unaware monsters.


Message History

You scratch the dart slug.
The dart slug is almost dead.
The dart slug bites you.
You scratch the dart slug but do no damage.
The dart slug is almost dead.
You scratch the dart slug but do no damage.
You bite the dart slug, but do no damage.
The dart slug is almost dead.
The dart slug launches a dart at you. The slug dart misses you.
You scratch the dart slug.
You kill the dart slug!
You have reached level 2!
You barely miss the hobgoblin.
The hobgoblin hits you but does no damage.
You scratch the hobgoblin.
The hobgoblin is lightly wounded.
The hobgoblin hits you with a +0 club.
Ouch! That really hurt!
You die...

...#.# #. #.#.#
#..#.# ##.###..#
#..#.# #...#...##
# #.....
#...#..##..#
#.##.#
#...#........#
#.##.#
##.###..#.##.#
..# # #.. #.#.##
.#### ###
.....#.####......
..........@g..#
..........##..#
............ .#
..#.#.....##..# .
###.....# .#
###.### .. #.. #
##


You could see a hobgoblin.

Vanquished Creatures
  A dart slug (D:1)
  A giant cockroach (D:1)
  A hobgoblin (D:1)
  A bat (D:1)
  2 goblins (D:1)
  2 rats (D:1)
8 creatures vanquished.

Notes
Turn   | Place    | Note
-------+----------+-------------------------------------------
     0 | D:1      | Descartes the Felid Enchanter began the quest for the Orb.
     0 | D:1      | Reached XP level 1. HP: 7/7 MP: 4/4
   365 | D:1      | Reached XP level 2. HP: 5/12 MP: 6/6
   367 | D:1      | Slain by a hobgoblin

Levels and vault maps discovered:
D:1:      ncdulo_lavacross, layout_loops_ring

Action                   || total
-------------------------++-------
Melee: Unarmed           ||    26
       Bite              ||     2
 Stab: Sleeping          ||     3
  Eat: Chunk             ||     5
Dodge: Dodged            ||    15
